cohdb
Replays
Latest Replays
All Replays
Popular Replays
Top Player Replays
Match Explorer
How It Works
Community
CoH3 Stats
Reddit
Sign in to upload your games and track your stats! →
Sign in with Steam
Match 37972872
Unlisted
Match 37972872
Overview
Messages
Build Orders
End
Kettenkrad Recon Vehicle
Construct Infanterie Kompanie
MG 42 Machine Gun Team
Grenadier Squad
GrW 34 Mortar Team
Construct Panzergrenadier Kompanie
Panzergrenadier Squad
Pak 40 Anti-tank Gun Team
MG 42 Bunker
Pak 40 Anti-tank Gun Team
Tuba
Łebski Tadek
Microsoft Outlook
deadsadbadmad
0
0
Comments
sign in to comment!
No comments posted yet!